Arrhythmia, chaotic female vampiric Convict ---- --- ------ --- |..|---- ----- --.----....--------------.------..|-..| |...-- |................................--...| |....-- |...................................--- --.|).| ---............................------ --|..--- ---...............-..........------------ |....| |......................e@_..).........| ----|.--.--- --....--...............d-------------.--- |..--[||...| |....|--............. . |...| ---....)|---.--- --...---............ ---.--- ---.......-- |...-------..........)%)).).. |...--- ------ |..........| --......................%)... ---...| |....---.--.......-------------------.. ........ |...-- --.......---.........---- - ---....--- |..----...|............| |........| ---- |..|.-..>........--- --........| -----........---...| |.........| |....|.--- |..-- |....----.| ---.---- ---- ------ --- --- Arrhythmia the Jail-bird Experience level: 6 Strength: 14 Dexterity: 16 Constitution: 19 Intelligence: 11 Wisdom: 7 Charisma: 9 Health: 0(62) Energy: 31(31) AC: 5 Gold: 0 Moves: 1819 Your Inventory: Armor b - a cursed +0 striped shirt (being worn) p - an [uncursed] +0 hard hat [dwarvish iron helm] (being worn) s - a [blessed] +1 pair of hard shoes [iron] (being worn) Scrolls o - an [uncursed] scroll labeled THARR [of remove curse] Potions d - a [blessed] muddy potion [of fruit juice] f - an [uncursed] ruby potion [of see invisible] Tools j - an [uncursed] looking glass [mirror] m - an [uncursed] partly used [tallow] candle (lit) (0:51) Gems t - an [uncursed] blue gem [worthless glass] u - 2 [uncursed] green gems [worthless glass] Iron balls c - an [uncursed] heavy iron ball (chained to you) Spells known in the end: Name Level Category Fail Memory Your skills at the end: Fighting Skills Weapon Skills sling [Basic / Skilled] Spellcasting Skills Final Attributes: You were devoutly aligned. Hunger level was 694. Your alignment was 18 / 19. Monster difficulty range was 0 - 5. Level difficulty was 4. You were immune to level-drain. You were immune to sickness. You were punished. You could fly. You could survive without air. You regenerated. Your luck was zero. You are dead. Vanquished creatures: a small mimic 2 dwarves an iguana 2 acid blobs a gas spore a hobbit 2 manes a yellow mold 13 gnomes a gnome zombie 3 jackals 2 foxes 2 sewer rats 3 grid bugs a bat 3 lichens 5 newts 44 creatures vanquished. Voluntary challenges: You went without food. You never hit with a wielded weapon. You read items or engraved 1 time. You put on armor 6 times. You never genocided any monsters. You never polymorphed an object. You never changed form. You used no wishes. You never wrote Elbereth's name. You never encountered a bones level. You never used any Sokoban shortcuts. Dungeon overview: The Dungeons of Doom: levels 1 to 3 Level 1 a fountain a long staircase Level 2 a general store, some altars, a fountain Level 3 stairs to The Gnomish Mines The Gnomish Mines: Level 4 <- You were here stairs to The Dungeons of Doom History has recorded: On T:1 you entered the Dungeons of Doom to retrieve the Amulet of Yendor! On T:625 you reached level 2 of The Dungeons of Doom. On T:822 you advanced to experience level 2. On T:945 you advanced to experience level 3. On T:1130 you advanced to experience level 4. On T:1285 you reached level 3 of The Dungeons of Doom. On T:1417 you reached level 1 of The Gnomish Mines. On T:1426 you advanced to experience level 5. On T:1524 you advanced to experience level 6. Latest messages: [HP-1=50] The dog bites! [HP-3=47] The dog bites! (2x) [HP-6=41] The dog bites! [HP-5=36] The dog bites! (3x) [HP-5=31] The dog bites! [HP-3=28] The dog bites! (3x) [HP-3=25] The dog bites! [HP-1=24] The dog bites! [HP-4=20] The dog bites! (2x) [HP-9=11] The dog bites! [HP-2=9] The dog bites! [HP-4=5] The dog bites! (2x) You die... Final status: Goodbye Arrhythmia the Convict... You died in The Gnomish Mines on dungeon level 4 with 1070 points, and 0 pieces of gold, after 1819 moves. You were level 6 with a maximum of 62 hit points when you died.